 Dungeon Crawl Stone Soup version 0.27.1-3-gb3d3a73c9e (webtiles) character file.

Game seed: 6776114246228561581

590 H0rd4k the Cutter (level 7, 0/53 HPs)
             Began as a Human Artificer on Oct 21, 2021.
             Succumbed to a gnoll's poison
             ... on level 4 of the Dungeon on Oct 22, 2021.
             The game lasted 00:05:00 (5876 turns).

H0rd4k the Cutter (Human Artificer)                 Turns: 5876, Time: 00:05:01

Health: 0/53       AC:  3    Str: 14    XL:     7   Next: 66%
Magic:  7/7        EV: 12    Int: 12    God:
Gold:   119        SH:  0    Dex: 13    Spells: 6/6 levels left

rFire    . . .     SeeInvis .   g - +0 short sword (venom)
rCold    . . .     Faith    .   (no shield)
rNeg     . . .     Spirit   .   b - +0 leather armour
rPois    .         Reflect  .   (no helmet)
rElec    .         Harm     .   (no cloak)
rCorr    .         Rampage  .   (no gloves)
Will     .....                  (no boots)
Stlth    +.........             (no amulet)
HPRegen  0.17/turn              (no ring)
MPRegen  0.10/turn              (no ring)

@: lethally poisoned (0 -> -15)
A: no striking features
a: no special abilities


You were on level 4 of the Dungeon.
You visited 1 branch of the dungeon, and saw 4 of its levels.

You collected 119 gold pieces.

Inventory:

Hand Weapons
 f - a +0 short sword
 g - a +0 short sword of venom (weapon)
 o - a +3 rapier
 s - a +1 short sword of draining
Missiles
 r - 10 poisoned darts
Armour
 b - a +0 leather armour (worn)
 p - a scarf of resistance
Wands
 c - a wand of flame (34) (quivered)
 d - a wand of charming (10)
Scrolls
 a - a scroll of immolation {unknown}
 h - a scroll of torment {unknown}
 l - a scroll of enchant weapon {unknown}
 n - 2 scrolls of magic mapping {unknown}
Potions
 i - 2 potions of haste {unknown}
 j - a potion of resistance {unknown}
 k - a potion of attraction {unknown}
 m - a potion of curing {unknown}
 q - a potion of lignification {unknown}
Miscellaneous
 e - a piece from Xom's chessboard (15/15)


   Skills:
 + Level 3.7 Fighting
 + Level 4.5 Short Blades
 - Level 2.0 Armour
 + Level 3.3 Dodging
 - Level 1.0 Stealth
 + Level 4.3 Evocations


You had 6 spell levels left.
You didn't know any spells.
Your spell library was empty.

Dungeon Overview and Level Annotations

Branches:
Dungeon (4/15)             Temple (0/1) D:4

Altars:

Annotations:
D:4 Blork the orc


Message History

You hit the gnoll.
The gnoll looks as sick as possible!
The gnoll is severely wounded.
The gnoll hits you with a +0 spear.
You hit the gnoll but do no damage.
The gnoll looks as sick as possible!
The gnoll is severely wounded.
You kill the gnoll!
The gnoll hits you with a +0 flail.
Things that are here:
a +0 club; a gnoll corpse You hit the gnoll.
The gnoll is poisoned.
The gnoll is moderately wounded.
The gnoll hits you but does no damage.
You hit the gnoll.
The gnoll looks as sick as possible!
The gnoll is moderately wounded.
The gnoll hits you with a +0 flail!
You hit the gnoll.
The gnoll is severely wounded.
The gnoll barely misses you.
You closely miss the gnoll.
The gnoll is severely wounded.
The gnoll barely misses you. x2
You hit the gnoll.
The gnoll looks as sick as possible!
The gnoll is almost dead.
You kill the gnoll!
The gnoll closely misses you. The gnoll misses you.
Things that are here:
a +0 flail; a gnoll corpse The gnoll hits you from afar with a +3 halberd of venom!
* * * LOW HITPOINT WARNING * * *
You are lethally poisoned!
* * * LOW HITPOINT WARNING * * *
You feel very sick.
* * * LOW HITPOINT WARNING * * *
You feel very sick.
Aiming: Charm
Press: ? - help, Shift-Dir - straight line, f - gnoll
Aim: a gnoll, wielding a +3 halberd of venom (chance to affect: 67%)
The gnoll is charmed.
You die...

.......(.# #<# #########
##.#####.# #.# #.......# 8#.#
#.# #.# #.......# .#.# #.#
#.#########.......#
.#.#####.####.#...............#
:#..............#######.......#
.#....#..####.### #.......#
.#...(....###.#########.......#
.#..............@.gZ..)....####
.#.......################..#
.###.##.........) #....## .#
#.##.######### #....(# 8#
#.##.# #g###.# ## #.##.# #.# .#
#.##.# #......)# .# #.##.#
#######.. .# #.##.# #..#


You could see an adder skeleton and a friendly gnoll (charmed).

Vanquished Creatures
  A scorpion (D:4)
  2 hounds
  A centaur skeleton (D:4)
  2 iguanas (D:4)
  An orc wizard (D:3)
  3 gnolls (D:4)
  8 adders
  An adder skeleton (D:4)
  2 worms
  3 dart slugs
  5 orcs
  8 ball pythons
  6 endoplasms
  4 giant cockroaches
  5 goblins
  3 hobgoblins
  5 jackals
  6 quokkas
  7 bats
  4 frilled lizards
  11 kobolds
  9 rats
97 creatures vanquished.

Vanquished Creatures (collateral kills)
  A worm (D:2)
  An endoplasm (D:2)
  2 goblins
4 creatures vanquished.

Vanquished Creatures (others)
  A wyvern (D:4)
1 creature vanquished.

Grand Total: 102 creatures vanquished

Notes
Turn   | Place    | Note
-------+----------+-------------------------------------------
     0 | D:1      | H0rd4k the Human Artificer began the quest for the Orb.
     0 | D:1      | Reached XP level 1. HP: 15/15 MP: 1/1
   172 | D:1      | Reached XP level 2. HP: 11/21 MP: 2/2
   916 | D:1      | Reached XP level 3. HP: 21/26 MP: 3/3
  1240 | D:1      | Found a faded altar of an unknown god.
  1876 | D:2      | Reached XP level 4. HP: 31/32 MP: 4/4
  1919 | D:2      | Reached skill level 1 in Short Blades
  2401 | D:2      | Reached XP level 5. HP: 24/38 MP: 5/5
  3632 | D:3      | Reached XP level 6. HP: 27/46 MP: 6/6
  4753 | D:4      | Found a staircase to the Ecumenical Temple.
  5210 | D:4      | Reached XP level 7. HP: 33/52 MP: 7/7
  5346 | D:4      | Noticed a wyvern
  5708 | D:4      | Noticed Blork the orc
  5876 | D:4      | Succumbed to a gnoll's poison

Illustrated notes

Levels and vault maps discovered:
D:1:      ncdulo_halloftheorcs, layout_loops_ring, ebering_ecumenical_altar_mist
D:2:      layout_loops_ring, minmay_pentomino_p2
D:3:      layout_loops_corners
D:4:      layout_loops_ring, mainiacjoe_overflow_paths,
          minmay_temple_entry_from_below_b, minmay_mini_jars, uniq_blork_the_orc

Skill      XL: |  1  2  3  4  5  6  7 |
---------------+----------------------+-----
Evocations     | 4 |  4.3
Short Blades   | 1 2 3 4 |  4.5
Fighting       | 2 3 |  3.7
Dodging        | 2 3 |  3.3
Armour         | |  2.0
Stealth        | |  1.0

Action                   |  1- 3 |  4- 6 |  7- 9 || total
-------------------------+-------+-------+-------++-------
Melee: Club              |    28 |       |       ||    28
       Short sword       |    82 |   217 |    26 ||   325
Evoke: Wand              |     1 |     3 |     6 ||    10
 Stab: Sleeping          |     3 |     1 |       ||     4
       Distracted        |     1 |       |       ||     1
Armor: Leather armour    |    23 |    46 |     2 ||    71
Dodge: Dodged            |    66 |   128 |    17 ||   211
